MID
GREAT LAKES LOONS @ PEORIA CHIEFS
10/23/2046
 
TOP OF THE 1ST
Memphis Redbirds batting - Pitching for Colorado Springs Sky Sox : RHP Chad Zehr
Pitching: RHP Chad Zehr
Batting: LHB Zack Berney 0-0: DOUBLE (Line Drive, 9LS, EV 97.5 MPH)
Batting: RHB Francisco Hernandez 0-0: Foul Ball, location: 2F
0-1: Called Strike
0-2: Ground out 6-3 (Groundball, 6M, EV 90.6 MPH)
Zack Berney to third
Batting: LHB Gabriel Graves 0-0: Called Strike
0-1: Ball
1-1: Foul Ball, location: 2F
1-2: Strikes out swinging
Batting: RHB Steve Bui 0-0: Ball
1-0: Ground out 6-3 (Groundball, 56D, EV 106.9 MPH)
Top of the 1st over - 0 runs, 1 hit, 0 errors, 1 left on base; Memphis 0 - Colorado Springs 0
BOTTOM OF THE 1ST
Colorado Springs Sky Sox batting - Pitching for Memphis Redbirds : RHP Pat St. John
Pitching: RHP Pat St. John
Batting: LHB Juan Marin 0-0: Called Strike
0-1: SINGLE (Groundball, 56D, EV 103.8 MPH)
Batting: SHB Chris Haugen 0-0: Ball
1-0: Grounds into double play, 5-4-3 (Groundball, 56, EV 103.8 MPH)
Batting: LHB Josh Cook 0-0: Called Strike
0-1: Fly out, F7 (Flyball, 7, EV 91.2 MPH)
Bottom of the 1st over - 0 runs, 1 hit, 0 errors, 0 left on base; Memphis 0 - Colorado Springs 0
TOP OF THE 2ND
Memphis Redbirds batting - Pitching for Colorado Springs Sky Sox : RHP Chad Zehr
Batting: LHB Ben Rubenacker 0-0: Called Strike
0-1: Ball
1-1: Ground out 4-3 (Groundball, 4, EV 84.4 MPH)
Batting: RHB Jesse Lester 0-0: Ground out 3-1 (Groundball, 34, EV 84.4 MPH)
Batting: RHB Hector Padilla 0-0: Ball
1-0: SOLO HOME RUN (Flyball, 9D, EV 101.9 MPH), Distance : 385 ft
Batting: SHB Mike Goad 0-0: Called Strike
0-1: Ball
1-1: Ball
2-1: Fly out, F7 (Flyball, 7D, EV 100.6 MPH)
Top of the 2nd over - 1 run, 1 hit, 0 errors, 0 left on base; Memphis 1 - Colorado Springs 0
BOTTOM OF THE 2ND
Colorado Springs Sky Sox batting - Pitching for Memphis Redbirds : RHP Pat St. John
Batting: RHB Jason Andrews 0-0: SINGLE (Line Drive, 9LS, EV 111.9 MPH)
Batting: LHB Travis Bello 0-0: Ball
1-0: Called Strike
1-1: Grounds into double play, 2-4-3 (Groundball, 2L, EV 63.8 MPH)
Batting: RHB Sterling Acosta 0-0: Ball
1-0: Ball
2-0: Called Strike
2-1: Ball
3-1: SINGLE (Groundball, 6MD, EV 101.9 MPH)
Batting: SHB Zelasko Pye 0-0: Ball
1-0: Foul Ball, location: 2F
1-1: Fielders Choice at 2nd, 6-4 (Groundball, 6, EV 90.6 MPH)
Bottom of the 2nd over - 0 runs, 2 hits, 0 errors, 1 left on base; Memphis 1 - Colorado Springs 0
TOP OF THE 3RD
Memphis Redbirds batting - Pitching for Colorado Springs Sky Sox : RHP Chad Zehr
Batting: RHB Elliot Manfredini 0-0: Foul Ball, location: 2F
0-1: Swinging Strike
0-2: SINGLE (Line Drive, 4D, EV 110.6 MPH)
Batting: LHB Zack Berney 0-0: Ball
1-0: Ball
2-0: Called Strike
2-1: DOUBLE (Line Drive, 78XD, EV 103.1 MPH)
Elliot Manfredini to third
Batting: RHB Francisco Hernandez 0-0: Called Strike
0-1: Ball
1-1: Foul Ball, location: 2F
1-2: Ground out U3 (Groundball, 34S, EV 82.5 MPH)
Elliot Manfredini scores
Zack Berney to third
Batting: LHB Gabriel Graves 0-0: Ball
1-0: Fly out, F9 (Flyball, 89XD, EV 102.5 MPH)
Runner from 3rd tags up, SCORES, no throw by RF
Batting: RHB Steve Bui 0-0: Foul Ball, location: 2F
0-1: Foul Ball, location: 2F
0-2: Strikes out swinging
Top of the 3rd over - 2 runs, 2 hits, 0 errors, 0 left on base; Memphis 3 - Colorado Springs 0
BOTTOM OF THE 3RD
Colorado Springs Sky Sox batting - Pitching for Memphis Redbirds : RHP Pat St. John
Batting: RHB Ben Sisson 0-0: Called Strike
0-1: Ball
1-1: Foul Ball, location: 2F
1-2: Ball
2-2: Ball
3-2: Ground out 6-3 (Groundball, 6, EV 100.0 MPH)
Batting: SHB Chris Blue 0-0: Ball
1-0: Ball
2-0: Fly out, F9 (Flyball, 9S, EV 92.5 MPH)
Batting: LHB Juan Marin 0-0: Called Strike
0-1: Ball
1-1: Ground out 4-3 (Groundball, 4M, EV 109.4 MPH)
Bottom of the 3rd over - 0 runs, 0 hits, 0 errors, 0 left on base; Memphis 3 - Colorado Springs 0
TOP OF THE 4TH
Memphis Redbirds batting - Pitching for Colorado Springs Sky Sox : RHP Chad Zehr
Batting: LHB Ben Rubenacker 0-0: Fly out, F7 (Line Drive, 78M, EV 89.4 MPH)
Batting: RHB Jesse Lester 0-0: Called Strike
0-1: Ball
1-1: Ball
2-1: Fly out, F5 (Line Drive, 5, EV 69.4 MPH)
Batting: RHB Hector Padilla 0-0: Ball
1-0: Ground out 6-3 (Groundball, 56, EV 89.4 MPH)
Top of the 4th over - 0 runs, 0 hits, 0 errors, 0 left on base; Memphis 3 - Colorado Springs 0
BOTTOM OF THE 4TH
Colorado Springs Sky Sox batting - Pitching for Memphis Redbirds : RHP Pat St. John
Batting: SHB Chris Haugen 0-0: Called Strike
0-1: Swinging Strike
0-2: Ball
1-2: Foul Ball, location: 2F
1-2: Strikes out swinging
Batting: LHB Josh Cook 0-0: Called Strike
0-1: Called Strike
0-2: Ball
1-2: Ball
2-2: Ball
3-2: Base on Balls
Batting: RHB Jason Andrews 0-0: Ball
1-0: Called Strike
1-1: Ball
2-1: SINGLE (Flyball, 5D, EV 99.4 MPH)
Josh Cook to second
Batting: LHB Travis Bello 0-0: Ball
1-0: Foul Ball, location: 2F
1-1: Called Strike
1-2: Strikes out swinging
Batting: RHB Sterling Acosta 0-0: Ball
1-0: Called Strike
1-1: Fly out, F3 (Line Drive, 3, EV 74.4 MPH)
Bottom of the 4th over - 0 runs, 1 hit, 0 errors, 2 left on base; Memphis 3 - Colorado Springs 0
TOP OF THE 5TH
Memphis Redbirds batting - Pitching for Colorado Springs Sky Sox : RHP Chad Zehr
Batting: SHB Mike Goad 0-0: Ball
1-0: Called Strike
1-1: Foul Ball, location: 2F
1-2: Foul Ball, location: 2F
1-2: Strikes out looking
Batting: RHB Elliot Manfredini 0-0: Ball
1-0: Ball
2-0: Ground out 4-3 (Groundball, 4, EV 83.1 MPH)
Batting: LHB Zack Berney 0-0: Ball
1-0: Called Strike
1-1: Ball
2-1: Foul Ball, location: 2F
2-2: Ground out 4-3 (Groundball, 4, EV 88.1 MPH)
Top of the 5th over - 0 runs, 0 hits, 0 errors, 0 left on base; Memphis 3 - Colorado Springs 0
BOTTOM OF THE 5TH
Colorado Springs Sky Sox batting - Pitching for Memphis Redbirds : RHP Pat St. John
Batting: SHB Zelasko Pye 0-0: Ball
1-0: Called Strike
1-1: Ball
2-1: Foul Ball, location: 2F
2-2: Foul Ball, location: 2F
2-2: Fly out, F7 (Flyball, 78XD, EV 100.0 MPH)
Batting: RHB Ben Sisson 0-0: Called Strike
0-1: Foul Ball, location: 2F
0-2: Ball
1-2: Ball
2-2: Ball
3-2: Fly out, F9 (Flyball, 89S, EV 92.5 MPH)
Batting: SHB Chris Blue 0-0: Foul Ball, location: 2F
0-1: Ball
1-1: Ball
2-1: Swinging Strike
2-2: Foul Ball, location: 2F
2-2: Foul Ball, location: 2F
2-2: Ball
3-2: Strikes out swinging, 2-3 out at first.
Bottom of the 5th over - 0 runs, 0 hits, 0 errors, 0 left on base; Memphis 3 - Colorado Springs 0
TOP OF THE 6TH
Memphis Redbirds batting - Pitching for Colorado Springs Sky Sox : RHP Chad Zehr
Batting: RHB Francisco Hernandez 0-0: Ball
1-0: Ball
2-0: Foul Ball, location: 2F
2-1: SINGLE (Groundball, 56D, EV 100.0 MPH)
Batting: LHB Gabriel Graves 0-0: Ball
1-0: Ball
2-0: Foul Ball, location: 2F
2-1: Swinging Strike
2-2: Ball
3-2: SINGLE (Flyball, 56D, EV 85.6 MPH)
Francisco Hernandez to second
Francisco Hernandez to third
Batting: RHB Steve Bui 0-0: Ball
1-0: Ball
2-0: Ball
3-0: Called Strike
3-1: Fly out, F6 (Line Drive, 6, EV 70.6 MPH)
Batting: LHB Ben Rubenacker 0-0: Ball
1-0: Foul Ball, location: 2F
1-1: Ball
2-1: SINGLE (Groundball, 34D, EV 99.4 MPH)
Francisco Hernandez scores
Gabriel Graves to second
Runner from 2nd tries for 3rd, SAFE, throw by RF made to third
Batting: RHB Jesse Lester 0-0: Grounds into double play, 3-6-1 (Groundball, 3S, EV 80.6 MPH)
Top of the 6th over - 1 run, 3 hits, 0 errors, 1 left on base; Memphis 4 - Colorado Springs 0
BOTTOM OF THE 6TH
Colorado Springs Sky Sox batting - Pitching for Memphis Redbirds : RHP Pat St. John
Batting: LHB Juan Marin 0-0: Ball
1-0: Ball
2-0: Called Strike
2-1: Ball
3-1: SINGLE (Groundball, 34D, EV 101.2 MPH)
Batting: SHB Chris Haugen 0-0: Called Strike
0-1: Ball
1-1: Ball
2-1: Ball
3-1: Base on Balls
Juan Marin to second
Batting: LHB Josh Cook 0-0: Ball
Wild Pitch!
Juan Marin to third
Chris Haugen to second
1-0: Ball
2-0: Called Strike
2-1: Swinging Strike
2-2: Ball
3-2: Ground out 6-3 (Groundball, 6, EV 86.2 MPH)
Juan Marin scores
Chris Haugen to third
Batting: RHB Jason Andrews 0-0: Ground out 6-3 (Groundball, 6, EV 86.9 MPH)
Chris Haugen scores
Batting: LHB Travis Bello 0-0: Fly out, F4 (Popup, 34D, EV 70.0 MPH)
Bottom of the 6th over - 2 runs, 1 hit, 0 errors, 0 left on base; Memphis 4 - Colorado Springs 2
TOP OF THE 7TH
Memphis Redbirds batting - Pitching for Colorado Springs Sky Sox : RHP Chad Zehr
Batting: RHB Hector Padilla 0-0: Ball
1-0: Foul Ball, location: 2F
1-1: SINGLE (Groundball, 34D, EV 106.2 MPH)
Batting: SHB Mike Goad 0-0: Ball
1-0: Bunted foul
1-1: Ball
2-1: Ball
3-1: Sac Bunt to 13 - play at first, batter OUT! 1-4
Hector Padilla to second
Batting: RHB Elliot Manfredini 0-0: Called Strike
0-1: Foul Ball, location: 2F
0-2: DOUBLE (Flyball, 89D, EV 93.1 MPH)
Hector Padilla scores
Pitching: LHP John Joaquin
Batting: LHB Zack Berney 0-0: Ball
1-0: Ball
2-0: Foul Ball, location: 2F
2-1: Fly out, F8 (Flyball, 89XD, EV 102.5 MPH)
Runner from 2nd tags up, SAFE at 3rd, no throw by CF
Batting: RHB Francisco Hernandez 0-0: Ball
1-0: Swinging Strike
1-1: Called Strike
1-2: Ball
2-2: Ball
3-2: Base on Balls
Batting: LHB Gabriel Graves 0-0: Foul Ball, location: 2F
0-1: Ball
1-1: Ball
2-1: 3-RUN HOME RUN (Flyball, 9LD, EV 97.5 MPH), Distance : 363 ft
Batting: RHB Steve Bui 0-0: Ball
1-0: Foul Ball, location: 2F
1-1: Ball
2-1: Swinging Strike
2-2: Ball
3-2: SINGLE (Groundball, 4D, EV 98.8 MPH)
Batting: LHB Ben Rubenacker 0-0: Fly out, F8 (Flyball, 78XD, EV 97.5 MPH)
Top of the 7th over - 4 runs, 4 hits, 0 errors, 1 left on base; Memphis 8 - Colorado Springs 2
BOTTOM OF THE 7TH
Colorado Springs Sky Sox batting - Pitching for Memphis Redbirds : RHP Pat St. John
Batting: RHB Sterling Acosta 0-0: Ball
1-0: Foul Ball, location: 2F
1-1: Ball
2-1: Ground out 5-3 (Groundball, 56, EV 106.2 MPH)
Pitching: RHP Rich Reinbolt
Batting: SHB Zelasko Pye 0-0: Called Strike
0-1: SINGLE (Flyball, 8LS, EV 93.8 MPH)
Batting: RHB Ben Sisson 0-0: Called Strike
Zelasko Pye steals 2nd base
0-1: Called Strike
0-2: Fly out, F7 (Flyball, 7LM, EV 96.2 MPH)
Batting: SHB Chris Blue 0-0: Fly out, F6 (Popup, 6M, EV 49.4 MPH)
Bottom of the 7th over - 0 runs, 1 hit, 0 errors, 1 left on base; Memphis 8 - Colorado Springs 2
TOP OF THE 8TH
Memphis Redbirds batting - Pitching for Colorado Springs Sky Sox : LHP John Joaquin
Batting: RHB Jesse Lester 0-0: Called Strike
0-1: Swinging Strike
0-2: Strikes out swinging
Batting: RHB Hector Padilla 0-0: Called Strike
0-1: Ball
1-1: Ball
2-1: Ball
3-1: Foul Ball, location: 2F
3-2: Foul Ball, location: 2F
3-2: Foul Ball, location: 2F
3-2: Foul Ball, location: 2F
3-2: Foul Ball, location: 2F
3-2: Ground out 5-3 (Groundball, 56, EV 103.1 MPH)
Batting: SHB Mike Goad 0-0: Ball
1-0: Ball
2-0: Ground out 5-3 (Groundball, 56S, EV 84.4 MPH)
Top of the 8th over - 0 runs, 0 hits, 0 errors, 0 left on base; Memphis 8 - Colorado Springs 2
BOTTOM OF THE 8TH
Colorado Springs Sky Sox batting - Pitching for Memphis Redbirds : RHP Rich Reinbolt
Batting: LHB Juan Marin 0-0: Ball
1-0: Called Strike
1-1: Ball
2-1: Foul Ball, location: 2F
2-2: Hit by Pitch
Batting: SHB Chris Haugen 0-0: Ball
1-0: Foul Ball, location: 2F
1-1: Called Strike
1-2: Foul Ball, location: 2F
1-2: Foul Ball, location: 2F
1-2: Ball
2-2: Ball
3-2: Fly out, F7 (Line Drive, 7, EV 92.5 MPH)
Pitching: LHP Ryan Yarber
Batting: LHB Josh Cook 0-0: Called Strike
0-1: Ball
1-1: Ball
2-1: Ground out 5-3 (Groundball, 56S, EV 68.8 MPH)
Juan Marin to second
Batting: RHB Jason Andrews 0-0: Foul Ball, location: 2F
0-1: Called Strike
0-2: Ball
1-2: DOUBLE (Line Drive, 89M, EV 86.2 MPH)
Juan Marin scores
Batting: RHB Carlos Castillo 0-0: Swinging Strike
0-1: Ball
1-1: Called Strike
1-2: Foul Ball, location: 2F
1-2: Strikes out swinging
Bottom of the 8th over - 1 run, 1 hit, 0 errors, 1 left on base; Memphis 8 - Colorado Springs 3
TOP OF THE 9TH
Memphis Redbirds batting - Pitching for Colorado Springs Sky Sox : LHP John Joaquin
Batting: RHB Elliot Manfredini 0-0: Called Strike
0-1: Swinging Strike
0-2: Foul Ball, location: 2F
0-2: Strikes out swinging, 2-3 out at first.
Batting: LHB Zack Berney 0-0: Ball
1-0: Ball
2-0: Fly out, F2 (Popup, 2RF, EV 91.2 MPH)
Batting: RHB Francisco Hernandez 0-0: Ball
1-0: Ball
2-0: Foul Ball, location: 2F
2-1: Ground out 4-3 (Groundball, 4, EV 90.6 MPH)
Top of the 9th over - 0 runs, 0 hits, 0 errors, 0 left on base; Memphis 8 - Colorado Springs 3
BOTTOM OF THE 9TH
Colorado Springs Sky Sox batting - Pitching for Memphis Redbirds : LHP Ryan Yarber
Batting: RHB Sterling Acosta 0-0: Ball
1-0: Ball
2-0: Ball
3-0: Base on Balls
Batting: SHB Zelasko Pye 0-0: Called Strike
0-1: Foul Ball, location: 2F
0-2: Strikes out swinging
Batting: RHB Ben Sisson Pickoff Throw to First - Error! E1
Sterling Acosta to second
0-0: Ball
Wild Pitch!
Sterling Acosta to third
1-0: Called Strike
1-1: Foul Ball, location: 2F
1-2: Fly out, F2 (Popup, 23F, EV 79.4 MPH)
Batting: SHB Chris Blue 0-0: DOUBLE (Line Drive, 7LS, EV 103.1 MPH)
Sterling Acosta scores
Batting: LHB Juan Marin 0-0: Called Strike
0-1: Fly out, F7 (Flyball, 7, EV 80.6 MPH)
Bottom of the 9th over - 1 run, 1 hit, 1 error, 1 left on base; Memphis 8 - Colorado Springs 4
Tuesday, September 13th , 2022 - OOTP Baseball 23.7 Build 88